 Dungeon Crawl Stone Soup version 0.29-a0-296-gda187f2e07 (webtiles) character file.

Game seed: 3032377583094555555

868 Dabor the Ducker (level 7, -14/70 HPs)
             Began as a Troll Fighter on Mar 19, 2022.
             Demolished by a two-headed ogre
             ... wielding a +0 giant club
              (28 damage)
             ... on level 6 of the Dungeon on Mar 20, 2022.
             The game lasted 00:06:18 (4377 turns).

Dabor the Ducker (Troll Fighter)                    Turns: 4377, Time: 00:06:19

Health: -14/70     AC:  5    Str: 27    XL:     7   Next: 73%
Magic:  6/6        EV:  9    Int:  4    God:
Gold:   240        SH:  7    Dex:  9    Spells: 6/6 levels left

rFire   . . .      SeeInvis .   a - +0 flail
rCold   + . .      Faith    .   c - +0 kite shield
rNeg    . . .      Spirit   .   n - +1 robe {rC+}
rPois   .          Reflect  .   (helmet restricted)
rElec   .          Harm     .   (no cloak)
rCorr   .          Rampage  .   (gloves unavailable)
Will    .....                   (boots unavailable)
Stlth   +.........              (no amulet)
HPRegen 1.01/turn               (no ring)
MPRegen 0.10/turn               (no ring)

@: no status effects
A: large, unfitting armour, claws 3, regeneration 1, shaggy fur 1, tough skin 1
a: no special abilities


You were on level 6 of the Dungeon.
You visited 1 branch of the dungeon, and saw 6 of its levels.

You collected 240 gold pieces.

Inventory:

Hand Weapons
 a - a +0 flail (weapon)
Missiles
 v - 6 poisoned darts (quivered)
Armour
 b - a +0 robe
 c - a +0 kite shield (worn)
 n - a +1 robe of cold resistance (worn)
Wands
 d - a wand of flame (17)
Scrolls
 e - 2 scrolls of amnesia {unknown}
 h - 3 scrolls of noise {unknown}
 j - 7 scrolls of identify {unknown}
 l - 2 scrolls of holy word {unknown}
 m - a scroll of teleportation {unknown}
 o - a scroll of vulnerability {unknown}
 p - a scroll of torment {unknown}
 r - a scroll of magic mapping {unknown}
 s - 2 scrolls of fear {unknown}
Potions
 f - 3 potions of brilliance {unknown}
 g - 4 potions of curing
 i - 2 potions of flight {unknown}
 k - 3 potions of heal wounds {unknown}
 q - 2 potions of lignification {unknown}
 t - a potion of berserk rage {unknown}


   Skills:
 * Level 4.2 Fighting
 * Level 4.2 Maces & Flails
 + Level 1.3 Throwing
 + Level 1.2 Armour
 * Level 4.3 Dodging
 + Level 4.0 Shields


You had 6 spell levels left.
You didn't know any spells.
Your spell library contained the following spells:

 Spells                   Type           Power      Damage    Failure   Level
 Slow                     Hex            0%         N/A       78%         1
 Confusing Touch          Hex            0%         N/A       98%         3
 Vampiric Draining        Necr           0%         2d6       98%         3


Dungeon Overview and Level Annotations

Branches:
Dungeon (6/15)
 Temple: D:4-7

Altars:
Kikubaaqudgha
Yredelemnul

Annotations:
D:5 2 transporters, Menkaure


Innate Abilities, Weirdness & Mutations

You are too large for most types of armour.
You have claws for hands.
Your natural rate of healing is unusually fast.
You are covered in fur. (AC +1)
You have tough skin. (AC +1)


Message History

Throw: throwing net
Press: ? - help, Q - select action, (/) - cycle Shift-Dir - straight line, f - two-headed ogre
Aim: a two-headed ogre, wielding two +0 giant clubs (72% to hit)
You throw a throwing net.
The throwing net hits the two-headed ogre.
The two-headed ogre is caught in the net!
The two-headed ogre struggles against the net.
You hit the two-headed ogre.
The two-headed ogre is lightly wounded.
The two-headed ogre struggles against the net.
You hit the two-headed ogre.
The two-headed ogre is lightly wounded.
The two-headed ogre struggles against the net.
You strike the helpless two-headed ogre from behind!
You sock the two-headed ogre!
The two-headed ogre is heavily wounded.
The two-headed ogre struggles against the net. x2
You hit the two-headed ogre.
The two-headed ogre is heavily wounded.
The two-headed ogre struggles against the net.
The net rips apart, and the two-headed ogre comes free!
You barely miss the two-headed ogre.
The two-headed ogre is heavily wounded.
You block the two-headed ogre's attack.
The two-headed ogre hits you with a +0 giant club!
You sock the two-headed ogre!
The two-headed ogre is severely wounded.
The white imp shouts, "Give up, thou pribbling fob-snatching frater!"
The two-headed ogre hits you with a +0 giant club!!
The two-headed ogre closely misses you.
You hit the two-headed ogre but do no damage.
The two-headed ogre is severely wounded.
The two-headed ogre barely misses you.
The two-headed ogre hits you with a +0 giant club!!
* * * LOW HITPOINT WARNING * * *
You sock the two-headed ogre!
The two-headed ogre is severely wounded.
The two-headed ogre barely misses you.
The two-headed ogre hits you with a +0 giant club!!
You die...

....... .......
....... .......
....... #####
.......
##...###5......
#.....@O#.
##........#
#.............
#<.............
#...............
##..............
#............##.
#....####....#
###### ##


You could see a two-headed ogre and a white imp.

Vanquished Creatures
  Sigmund (D:2)
  Eustachio (D:5)
  Blork the orc (D:4)
  A necrophage (D:5)
  A hound (D:5)
  2 orc priests
  A jelly (D:5)
  Ijyb (D:5)
  4 iguanas
  3 orc wizards
  5 adders
  3 worms (D:2)
  A dart slug (D:2)
  16 orcs
  4 ball pythons
  5 endoplasms
  3 giant cockroaches
  7 goblins
  6 hobgoblins
  2 jackals (D:1)
  4 kobolds
  3 quokkas (D:1)
  6 bats
  5 frilled lizards
  3 rats
89 creatures vanquished.

Vanquished Creatures (others)
  A plant (D:3)
1 creature vanquished.

Grand Total: 90 creatures vanquished

Notes
Turn   | Place    | Note
-------+----------+-------------------------------------------
     0 | D:1      | Dabor the Troll Fighter began the quest for the Orb.
     0 | D:1      | Reached XP level 1. HP: 22/22 MP: 0/0
   177 | D:1      | Reached XP level 2. HP: 29/29 MP: 1/1
   742 | D:2      | Reached XP level 3. HP: 36/36 MP: 2/2
  1132 | D:2      | Reached XP level 4. HP: 32/44 MP: 3/3
  1158 | D:2      | Noticed Sigmund
  1172 | D:2      | Killed Sigmund
  1173 | D:2      | Reached XP level 5. HP: 29/53 MP: 4/4
  1789 | D:3      | Found a faded altar of an unknown god.
  1985 | D:3      | Reached XP level 6. HP: 61/61 MP: 5/5
  3214 | D:5      | Entered Level 5 of the Dungeon
  3222 | D:5      | Noticed Blork the orc
  3244 | D:4      | Killed Blork the orc
  3404 | D:5      | Reached XP level 7. HP: 30/68 MP: 6/6
  3473 | D:5      | Noticed Ijyb
  3478 | D:5      | Killed Ijyb
  3748 | D:5      | Reached skill level 1 in Throwing
  3748 | D:5      | Reached skill level 1 in Armour
  3769 | D:5      | Found an ancient bone altar of Kikubaaqudgha.
  3770 | D:5      | Found a transporter.
  3772 | D:5      | Found a transporter.
  3833 | D:5      | Noticed a vampire
  3834 | D:5      | Found a basalt altar of Yredelemnul.
  3838 | D:5      | Noticed Menkaure
  3848 | D:5      | Noticed Eustachio
  3887 | D:5      | Killed Eustachio
  4362 | D:6      | Noticed a two-headed ogre
  4377 | D:6      | Demolished by a two-headed ogre

Illustrated notes

Levels and vault maps discovered:
D:1:      psy_arrival_heroes, layout_basic
D:2:      layout_basic, minmay_misc_feat_plants, minmay_tromino_i2, uniq_sigmund
D:3:      layout_basic, shapermc_ecumenical_altar_acropolis
D:4:      layout_loops_corners, eino_tiny_chamber
D:5:      nicolae_cairo_tiling_very_big, layout_basic,
          gammafunk_temple_of_torment, chequers_serial_rivers_room_b,
          guppyfry_early_lair_pool, uniq_menkaure, uniq_ijyb,
          uniq_blork_the_orc, uniq_eustachio
D:6:      layout_cave_pods, gammafunk_temple_overflow_elements,
          minmay_door_square

Skill      XL: |  1  2  3  4  5  6  7 |
---------------+----------------------+-----
Maces & Flails | 2 3 4 |  4.2
Fighting       | 3 4 |  4.2
Dodging        | 3 4 |  4.3
Shields        | 3 4 |  4.0
Throwing       | 1 |  1.3
Armour         | 1 |  1.2

Action                   |  1- 3 |  4- 6 |  7- 9 || total
-------------------------+-------+-------+-------++-------
Melee: Flail             |   128 |   195 |    77 ||   400
Throw: Boomerang         |       |     3 |    22 ||    25
       Throwing net      |       |       |     5 ||     5
  Use: Potion            |       |     2 |       ||     2
       Scroll            |       |     1 |       ||     1
 Stab: Held in net/web   |       |       |     1 ||     1
Armor: Robe              |    43 |    56 |    14 ||   113
Dodge: Dodged            |    51 |    84 |    35 ||   170
Block: Kite shield       |    50 |    81 |    43 ||   174

Table legend: (Time is in decaauts)
 A = Elapsed time spent in this place.
 B = Non-inter-level travel time spent in this place.
 C = Inter-level travel time spent in this place.
 D = Time resting spent in this place.
 E = Time spent auto-exploring this place.
 F = Levels seen in this place.
 G = Mean time per level.
                   A        B        C        D        E       F      G
               +--------+--------+--------+--------+--------+-----+--------+
         Total |   4542 |   4197 |    345 |     46 |   3118 |   6 |  757.0 |
       Dungeon |   4542 |   4197 |    345 |     46 |   3118 |   6 |  757.0 |
               +--------+--------+--------+--------+--------+-----+--------+

Top non-repeatable levels by time:
     D:5: 1132 daAuts
     D:2: 1115 daAuts
     D:4: 996 daAuts
     D:1: 676 daAuts
     D:3: 596 daAuts
     D:6: 26 daAuts
